 Dungeon Crawl Stone Soup version 0.22.1-1-ga44c0e5 (webtiles) character file.

8086 magicm the Basher (level 11, -2/95 HPs)
             Began as a Minotaur Berserker on Nov 9, 2018.
             Was a High Priest of Trog.
             Slain by a wolf (4 damage)
             ... on level 1 of the Lair of Beasts.
             The game lasted 00:46:45 (6731 turns).

magicm the Basher (Minotaur Berserker)              Turns: 6731, Time: 00:46:45

Health: -2/95      AC: 18    Str: 23    XL:     11   Next: 5%
Magic:  10/10      EV: 11    Int:  6    God:    Trog [*****.]
Gold:   476        SH: 11    Dex: 10    Spells: 10/10 levels left

rFire    + . .     SeeInvis .   u - +2 mace
rCold    + + .     Gourm    .   r - +1 buckler
rNeg     . . .     Faith    .   x - +1 plate armour
rPois    +         Spirit   .   (helmet restricted)
rElec    +         Reflect  +   y - scarf {cloud immunity}
rCorr    +         Harm     .   F - +1 pair of gloves
MR       .....                  (no boots)
Stlth    ..........             J - +5 amulet of reflection
HPRegen  0.25/turn              q - ring of protection from cold
MPRegen  0.12/turn              C - +3 ring of evasion

@: resistant
A: retaliatory headbutt, horns 2
a: Berserk, Trog's Hand, Brothers in Arms, Renounce Religion


You were on level 1 of the Lair of Beasts.
You worshipped Trog.
Trog was extremely pleased with you.
You were not hungry.

You visited 2 branches of the dungeon, and saw 10 of its levels.

You collected 476 gold pieces.

Inventory:

Hand Weapons
 a - a +0 spear
 j - a +0 short sword
 u - a +2 mace (weapon)
 v - a +3 antimagic halberd
 K - a +0 war axe
 L - a +1 falchion of holy wrath
 Q - a +1 dire flail of venom
Armour
 b - a +0 animal skin
 g - a +0 ring mail
 k - a +0 pair of boots
 m - a +1 scale mail
 n - a +0 robe
 r - a +1 buckler (worn)
 t - a +2 pair of boots
 x - a +1 plate armour (worn)
 y - a scarf of cloud immunity (worn)
 F - a +1 pair of gloves (worn)
 N - a +2 ring mail of poison resistance
 P - a +0 shield
Jewellery
 q - a ring of protection from cold (left hand)
 C - a +3 ring of evasion (right hand)
 H - an uncursed amulet of harm
 I - an uncursed ring of protection from cold
 J - a +5 amulet of reflection (around neck)
 O - an uncursed amulet of the acrobat
Wands
 p - a wand of acid (19)
 G - a wand of digging (22)
 R - a wand of iceblast (12)
Scrolls
 e - 6 scrolls of teleportation
 i - a scroll of fog
 E - 3 scrolls of magic mapping
 M - 3 scrolls of remove curse
Potions
 d - 2 potions of curing
 f - 2 potions of mutation
 h - a potion of brilliance
 l - a potion of berserk rage
 o - 4 potions of flight
 s - 3 potions of might
 w - 2 potions of haste
 z - 2 potions of degeneration
 A - 2 potions of lignification
 B - a potion of agility
 D - a potion of resistance
Comestibles
 c - 16 rations


   Skills:
 + Level 8.5 Fighting
 + Level 1.7 Short Blades
 + Level 12.8 Maces & Flails
 + Level 4.5 Polearms
 + Level 10.3 Armour
 + Level 3.6 Dodging
 + Level 1.0 Stealth
 + Level 7.4 Shields


You had 10 spell levels left.
You didn't know any spells.
Your spell library was empty.

Dungeon Overview and Level Annotations

Branches:
Dungeon (9/15)             Temple (0/1) D:6            Lair (1/6) D:9
    Orc: D:9-12

Altars:
Ashenzari
Fedhas
Okawaru
Qazlal
Sif Muna
Trog
Uskayaw
Wu Jian
Xom

Annotations:
Lair:1 Grum


Innate Abilities, Weirdness & Mutations

You reflexively headbutt those who attack you in melee.
You have a pair of horns on your head.


Message History

* * * LOW HITPOINT WARNING * * *
You sock the bullfrog!
The bullfrog is almost dead.
You block the wolf's attack. You block the bullfrog's attack.
You barely miss the bullfrog. You headbutt the bullfrog.
You kill the bullfrog!
Trog accepts your kill. The wolf misses you. You furiously retaliate!
You headbutt the wolf, but do no damage.
The blink frog hits you!
* * * LOW HITPOINT WARNING * * *
You sock the blink frog!
The blink frog is moderately wounded.
The wolf bites you but does no damage. The bullfrog hits you.
* * * LOW HITPOINT WARNING * * *
You block the blink frog's attack. You block the wolf's attack.
It was a potion of resistance.
You feel protected. The wolf bites you.
You die...

...Y..#...........##.#
8...Y#...†††..........
##..g.†(...........
##Y...............#
###.F#########.....##
#....###.#####....>##
#...Y##.....##......#
#....F.g.h...#.....##
#.....YlYF@.#......#
#....##..F.........#
#....##.....##......#
#.....#............##
......#.#######.....#
.......## #.....#
........ ........
#######


You could see a komodo dragon, Grum, 3 yaks, 2 blink frogs, a wolf and a
bullfrog.

Vanquished Creatures
  Erica (D:8)
  A hydra (D:8)
  A two-headed ogre (D:9)
  A blink frog (Lair:1)
  2 dream sheep (D:8)
  A hippogriff (D:9)
  2 yaks (D:8)
  A water moccasin (Lair:1)
  3 ice beasts
  2 porcupines
  4 orc warriors
  2 black bears
  A sky beast (D:8)
  4 phantoms
  9 ogres
  3 wolves (Lair:1)
  2 crocodiles (D:9)
  Blork the orc (D:6)
  4 big kobolds
  8 bullfrogs
  A wyvern zombie (D:6)
  A water moccasin zombie (D:6)
  3 scorpions
  4 killer bees (D:7)
  A centaur zombie (D:7)
  5 crimson imps
  2 bullfrog zombies
  3 jellies
  3 orc priests
  7 hounds
  Crazy Yiuf (D:6)
  3 orc wizards
  3 iguanas
  3 worker ants
  A gnoll (D:7)
  2 howler monkey skeletons
  9 adders
  2 oozes
  An adder skeleton (D:6)
  2 worms
  A dart slug (D:1)
  7 leopard geckos
  23 orcs
  7 bats
  2 giant cockroaches
  7 goblins
  10 hobgoblins
  6 jackals
  4 quokkas
  A ball python (D:7)
  4 frilled lizards
  10 kobolds
  A leopard gecko zombie (D:8)
  A quokka skeleton (D:5)
  A quokka zombie (D:5)
  8 rats
  A plant (D:8)
204 creatures vanquished.

Vanquished Creatures (others)
  A goblin (D:7)
  2 fungi (D:9)
3 creatures vanquished.

Grand Total: 207 creatures vanquished

Notes
Turn   | Place    | Note
-------+----------+-------------------------------------------
     0 | D:1      | magicm the Minotaur Berserker began the quest for the Orb.
     0 | D:1      | Reached XP level 1. HP: 19/19 MP: 0/0
   171 | D:1      | Reached XP level 2. HP: 27/27 MP: 1/1
   802 | D:2      | Reached XP level 3. HP: 34/34 MP: 2/2
   824 | D:2      | Reached ** piety under Trog
  1408 | D:3      | Reached XP level 4. HP: 40/41 MP: 3/3
  1821 | D:3      | You fall through a shaft for 3 floors!
  1821 | D:6      | Noticed Blork the orc
  1829 | D:6      | Killed Blork the orc
  1829 | D:6      | Reached skill level 1 in Maces & Flails
  1829 | D:6      | Reached XP level 5. HP: 34/47 MP: 4/4
  1843 | D:6      | Found a staircase to the Ecumenical Temple.
  1915 | D:6      | Reached skill level 1 in Short Blades
  1925 | D:6      | Reached skill level 5 in Fighting
  1925 | D:6      | Reached skill level 2 in Maces & Flails
  1966 | D:6      | Noticed an ogre
  1970 | D:6      | Reached XP level 6. HP: 34/56 MP: 5/5
  2030 | D:5      | Entered Level 5 of the Dungeon
  2068 | D:5      | Found a blossoming altar of Fedhas.
  2068 | D:5      | Found a shattered altar of Ashenzari.
  2072 | D:5      | Reached *** piety under Trog
  2134 | D:5      | Reached skill level 3 in Maces & Flails
  2288 | D:5      | Reached skill level 1 in Shields
  2290 | D:5      | Reached skill level 4 in Maces & Flails
  2290 | D:5      | Reached skill level 5 in Armour
  2290 | D:5      | Reached XP level 7. HP: 52/61 MP: 6/6
  2452 | D:4      | Reached skill level 5 in Maces & Flails
  3033 | D:4      | Found a shimmering altar of Xom.
  3034 | D:4      | Found an ornate altar of the Wu Jian Council.
  3037 | D:4      | Found a stormy altar of Qazlal.
  3051 | D:4      | Found a hide-covered altar of Uskayaw.
  3262 | D:5      | Found a deep blue altar of Sif Muna.
  3661 | D:6      | Reached skill level 6 in Maces & Flails
  3721 | D:6      | Found a runed door.
  3791 | D:6      | Reached XP level 8. HP: 69/69 MP: 7/7
  3808 | D:6      | Reached **** piety under Trog
  4031 | D:6      | Reached skill level 7 in Maces & Flails
  4116 | D:6      | Noticed Crazy Yiuf
  4118 | D:6      | Killed Crazy Yiuf
  4252 | D:7      | Reached skill level 8 in Maces & Flails
  4532 | D:7      | Found a bloodstained altar of Trog.
  4595 | D:7      | Reached XP level 9. HP: 71/75 MP: 8/8
  4736 | D:7      | Reached skill level 9 in Maces & Flails
  4908 | D:7      | Found an iron altar of Okawaru.
  5224 | D:8      | Reached skill level 10 in Maces & Flails
  5324 | D:8      | Reached skill level 5 in Shields
  5484 | D:8      | Noticed Erica
  5512 | D:8      | Killed Erica
  5512 | D:8      | Reached skill level 11 in Maces & Flails
  5606 | D:8      | Reached XP level 10. HP: 58/86 MP: 9/9
  6009 | D:8      | Noticed a two-headed hydra
  6017 | D:8      | Killed a two-headed hydra
  6158 | D:9      | Noticed a two-headed ogre
  6166 | D:9      | Killed a two-headed ogre
  6166 | D:9      | Reached skill level 12 in Maces & Flails
  6183 | D:9      | Reached ***** piety under Trog
  6402 | D:9      | Reached skill level 1 in Stealth
  6406 | D:9      | Reached skill level 10 in Armour
  6651 | D:9      | Found a staircase to the Lair.
  6663 | Lair:1   | Entered Level 1 of the Lair of Beasts
  6685 | Lair:1   | Received a gift from Trog
  6691 | Lair:1   | Noticed Grum
  6702 | Lair:1   | Reached XP level 11. HP: 47/95 MP: 10/10
  6730 | Lair:1   | HP: 2/95 [bullfrog (3)]
  6731 | Lair:1   | Slain by a wolf

Skill      XL: |  1  2  3  4  5  6  7  8  9 10 |
---------------+-------------------------------+-----
Polearms       | 4 |  4.5
Fighting       | 4 5 6 7 8 |  8.5
Armour         | 3 5 6 7 8 10 | 10.3
Maces & Flails | 1 2 4 6 8 11 12 | 12.8
Dodging        | 3 |  3.6
Short Blades   | 1 |  1.7
Shields        | 1 3 5 7 |  7.4
Stealth        | 1 |  1.0

Action                   |  1- 3 |  4- 6 |  7- 9 | 10-12 || total
-------------------------+-------+-------+-------+-------++-------
Melee: Spear             |    58 |       |       |       ||    58
       Headbutt          |    12 |    19 |    69 |    55 ||   155
       Short sword       |    31 |       |       |       ||    31
       Mace              |     5 |   135 |   349 |   230 ||   719
  Use: Scroll            |     7 |    10 |    14 |     4 ||    35
       Potion            |       |     2 |     9 |     2 ||    13
  Eat: Ration            |     1 |     1 |     3 |     1 ||     6
Armor: Ring mail         |     6 |       |       |       ||     6
       Animal skin       |     5 |       |       |       ||     5
       Scale mail        |    24 |    12 |       |       ||    36
       Plate armour      |       |    85 |   140 |    71 ||   296
Dodge: Dodged            |    74 |    68 |   120 |    75 ||   337
Block: Buckler           |     1 |    22 |   138 |    85 ||   246
       Reflection        |       |       |     6 |     3 ||     9
